AoeStats
← The Devastator

Coastal Forest

502531700Analyzed
4v4 RM · 1mo ago on Aug 28, 2026· 69m 1s· 8 players
Game mode
Random Map
Map size
Large (8 player)
Population
200
Speed
Normal
Resources
Standard
Victory
Conquest
Starting age
Dark Age
Ending age
Imperial Age
RankedLock teamsTeams togetherTeam positionsShared explorationLock speedFull tech treeHidden civsTurbo modeCheats
Victory
Defeat
🇨🇦 Saracens · Canada
933
+12
🇨🇦 Romans · Canada
927
+12
🇨🇦 Chinese · Canada
923
+12
🇨🇦 Franks · Canada
900
+13
🇬🇧 Persians · United Kingdom
898
-15
🇺🇸 Khmer · United States
852
-13
🇨🇳 Hindustanis · China
821
-12
🇱🇧 Bohemians · Lebanon
766
-9
Mr.Mike
11:27 Feudal Age
11:57 Double-Bit Axe
12:28 Loom
13:29 Horse Collar
18:24 Castle Age
19:29 Wheelbarrow
19:40 Wheelbarrow
22:03 Bow Saw
30:50 Husbandry
33:38 Imperial Age
31:23 Scale Barding Armor
31:29 Forging
34:42 Chain Barding Armor
34:58 Iron Casting
34:45 Hussite Reforms
34:41 Cavalier
37:59 Blast Furnace
38:30 Two-Man Saw
39:08 Elite Hussite Wagon
40:10 Conscription
42:47 Chemistry
41:28 Treadmill Crane
43:23 Pikeman
44:04 Squires
44:07 Scale Mail Armor
49:05 Houfnice
necca
2:20 Loom
10:43 Feudal Age
11:56 Fishing Lines
13:52 Wheelbarrow
13:29 Double-Bit Axe
17:51 Horse Collar
20:37 Castle Age
24:47 Imperial Age
22:56 Medium Warships
23:31 Gillnets
25:41 Bow Saw
26:00 Hand Cart
26:48 Heavy Warships
26:59 Gold Mining
27:00 Stone Mining
27:44 Clinker Construction
27:34 Town Watch
29:23 Gold Shaft Mining
29:23 Stone Shaft Mining
30:21 Town Patrol
31:28 Two-Man Saw
30:31 Heavy Plow
33:40 Forging
33:35 Scale Barding Armor
36:53 Husbandry
37:04 Bloodlines
38:13 Chemistry
37:34 Ballistics
37:34 Carvel Hull
37:25 Careening
38:21 Light Cavalry
40:05 Iron Casting
39:35 Scale Barding Armor
39:30 Hussar
41:00 Masonry
42:09 Dry Dock
41:37 Elite Cannon Galleon
43:39 Conscription
43:31 Citadels
45:09 Scale Mail Armor
48:14 Blast Furnace
47:34 Chain Barding Armor
49:08 Crop Rotation
51:44 Chain Barding Armor
52:32 Cavalier
54:34 Savar
55:56 Plate Barding Armor
55:37 Chain Mail Armor
55:22 Padded Archer Armor
55:13 Fletching
57:18 Architecture
56:39 Heated Shot
56:45 Murder Holes
58:17 Kamandaran
58:55 Hoardings
64:28 Elite War Elephant
The Devastator
11:56 Feudal Age
15:31 Castle Age
13:35 Horse Collar
14:44 Double-Bit Axe
15:19 Stone Mining
16:43 Wheelbarrow
16:40 Bow Saw
16:33 Loom
17:22 Heavy Plow
17:46 Stone Mining
18:00 Stone Mining
18:03 Gold Mining
21:51 Stone Mining
22:39 Gold Shaft Mining
24:00 Bloodlines
23:11 Light Cavalry
24:57 Stone Shaft Mining
24:24 Light Cavalry
27:50 Forging
28:22 Scale Barding Armor
29:07 Fletching
29:38 Husbandry
33:13 Imperial Age
31:24 Hand Cart
32:28 Iron Casting
32:16 Chain Barding Armor
33:26 Town Watch
33:39 Bodkin Arrow
33:46 Scale Mail Armor
34:38 Conscription
34:21 Double Crossbow
33:55 Sappers
34:27 Tusk Swords
35:07 Crop Rotation
34:44 Town Patrol
34:28 Hussar
35:44 Elite Battle Elephant
37:30 Blast Furnace
37:06 Plate Barding Armor
36:34 Bracer
41:34 Elite Ballista Elephant
42:57 Padded Archer Armor
45:14 Ballistics
46:22 Chemistry
62:50 Caravan
568140083
2:29 Loom
13:08 Feudal Age
14:31 Wheelbarrow
13:44 Double-Bit Axe
14:33 Town Watch
14:48 Horse Collar
15:34 Forging
15:29 Scale Barding Armor
21:32 Castle Age
20:37 Arson
25:01 Thumb Ring
34:18 Hand Cart
35:08 Fletching
35:01 Elite Skirmisher
36:02 Husbandry
36:13 Bloodlines
36:59 Grand Trunk Road
38:21 Bodkin Arrow
38:27 Scale Mail Armor
38:56 Town Patrol
42:33 Imperial Age
40:33 Ballistics
41:08 Gold Mining
41:48 Murder Holes
42:07 Padded Archer Armor
43:30 Gold Shaft Mining
44:06 Conscription
44:03 Heavy Camel Rider
45:03 Leather Archer Armor
44:48 Bracer
45:23 Iron Casting
50:35 Chain Mail Armor
52:40 Bow Saw
55:39 Squires
55:17 Light Cavalry
57:20 Two-Man Saw
59:56 Caravan
61:48 Chain Barding Armor
63:44 Hussar
64:38 Stone Mining
66:27 Chemistry
65:33 Siege Engineers
65:51 Shatagni
66:27 Hoardings
66:24 Elite Ghulam
Leeoku
0:34 Loom
12:15 Feudal Age
13:42 Double-Bit Axe
19:41 Castle Age
19:15 Gold Mining
19:08 Horse Collar
20:57 Bow Saw
23:19 Forging
23:10 Scale Mail Armor
22:57 Crossbowman
28:57 Fletching
32:30 Bodkin Arrow
32:50 Chain Mail Armor
33:11 Iron Casting
33:47 Ballistics
34:22 Wheelbarrow
33:55 Heavy Plow
35:48 Stone Mining
40:36 Imperial Age
40:52 Elite Fire Lancer
42:08 Plate Mail Armor
41:23 Pikeman
43:03 Halberdier
43:17 Heavy Rocket Cart
46:22 Two-Man Saw
47:38 Blast Furnace
47:17 Elite Skirmisher
48:25 Squires
48:32 Bracer
57:16 Arbalester
57:58 Padded Archer Armor
59:35 Leather Archer Armor
59:45 Conscription
61:30 Chemistry
Cavil
12:21 Feudal Age
10:40 Loom
12:26 Feudal Age
13:29 Double-Bit Axe
19:20 Castle Age
20:43 Stone Mining
20:59 Horse Collar
22:12 Bloodlines
22:30 Forging
24:00 Heavy Plow
26:14 Wheelbarrow
30:14 Imperial Age
28:06 Bow Saw
28:35 Scale Barding Armor
29:06 Husbandry
29:41 Hand Cart
30:11 Iron Casting
32:06 Blast Furnace
31:59 Conscription
32:46 Elite Mameluke
34:42 Caravan
35:01 Light Cavalry
36:35 Bimaristan
38:49 Town Watch
40:46 Ballistics
41:28 Chemistry
41:32 Chain Barding Armor
41:20 Hussar
Sinister Monster
9:55 Loom
12:39 Feudal Age
13:17 Double-Bit Axe
21:03 Castle Age
20:30 Gold Mining
20:04 Man-at-Arms
21:11 Forging
22:06 Squires
23:25 Scale Mail Armor
25:18 Town Watch
27:34 Iron Casting
26:57 Horse Collar
29:01 Wheelbarrow
28:50 Bow Saw
29:57 Long Swordsman
31:44 Heavy Plow
32:43 Chain Mail Armor
32:52 Caravan
32:59 Caravan
33:12 Stone Mining
36:02 Imperial Age
33:03 Pikeman
34:05 Fletching
35:25 Bodkin Arrow
37:04 Conscription
36:07 Halberdier
36:12 Legionary
37:24 Halberdier
43:28 Chemistry
42:49 Ballistics
42:41 Masonry
44:57 Comitatenses
45:46 Blast Furnace
45:47 Murder Holes
45:59 Siege Engineers
47:20 Heavy Scorpion
49:34 Hand Cart
50:14 Architecture
49:41 Murder Holes
50:40 Onager
Mirku
15:35 Feudal Age
21:29 Forging
21:24 Scale Barding Armor
25:24 Gold Mining
25:32 Double-Bit Axe
25:45 Stone Mining
28:36 Castle Age
27:24 Fletching
27:34 Padded Archer Armor
29:00 Light Cavalry
29:41 Husbandry
29:10 Pikeman
32:45 Gold Shaft Mining
32:27 Bow Saw
35:41 Wheelbarrow
36:15 Wheelbarrow
35:12 Elite Skirmisher
39:17 Bodkin Arrow
39:37 Leather Archer Armor
50:34 Iron Casting
50:19 Chain Barding Armor
50:15 Leather Archer Armor
63:37 Hand Cart
65:43 Scale Mail Armor
68:45 Imperial Age
Connection lost

Rejoining the realm…

Still unreachable

The connection could not be restored.

Session expired

The server has moved on; the page needs a fresh start.